 Dungeon Crawl Stone Soup version 0.32-a0-119-g2e8054a333 (webtiles) character file.

Game seed: 17063731455852543509

6675 Sobieck the Fighter (level 11, -11/119 HPs)
             Began as an Oni Fighter on Feb 6, 2024.
             Was a Believer of Cheibriados.
             Mangled by an orc knight
             ... wielding a +0 halberd
              (20 damage)
             ... in a bailey.
             The game lasted 00:16:10 (10564 turns).

Sobieck the Fighter (Oni Fighter)                  Turns: 10564, Time: 00:16:11

Health: -11/119    AC:  7    Str: 30    XL:     11   Next: 3%
Magic:  9/12       EV: 10    Int: 13    God:    Cheibriados [**....]
Gold:   415        SH: 10    Dex: 12    Spells: 10/10 levels left

rFire   . .          .
                       - Unarmed
rCold   . . .        A - +1 kite shield {AC+3}
rNeg    . . .        a - +0 robe
rPois   +            (helmet restricted)
rElec   .            J - +0 cloak
rCorr   .            (gloves unavailable)
SInv    .            (boots unavailable)
Will    ++...        (no amulet)
Stlth   +            x - ring of poison resistance
HPRegen 0.39/turn    v - ring of willpower
MPRegen 0.13/turn

%: no passive effects
@: mighty, very slow
A: large, unfitting armour, horns 1, tough skin 1, double potion healing,
drunken brawling
a: Renounce Religion, Bend Time


You were in a bailey.
You worshipped Cheibriados.
Cheibriados was pleased with you.
You visited 2 branches of the dungeon, and saw 11 of its levels.
You also visited: Bailey.

You collected 613 gold pieces.
You spent 198 gold pieces at shops.

Inventory:

Missiles
 j - 51 stones (quivered)
 k - 2 large rocks
 w - 2 datura-tipped darts
 y - 24 poisoned darts
 C - 7 boomerangs
 G - a curare-tipped dart
 M - 2 atropa-tipped darts
Armour
 a - a +0 robe (worn)
 b - a +0 kite shield
 A - a +1 kite shield of protection (worn)
 J - a +0 cloak (worn)
Jewellery
 d - a ring of flight
 f - a ring of magical power
 v - a ring of willpower (right hand)
 x - a ring of poison resistance (left hand)
Wands
 h - a wand of polymorph (10)
 l - a wand of charming (16)
 u - a wand of flame (1)
 I - a wand of iceblast (6)
Scrolls
 c - a scroll of brand weapon
 D - a scroll of fog
 F - a scroll of revelation
 K - a scroll of poison
 L - a scroll of blinking
Potions
 e - 5 potions of brilliance
 g - 2 potions of degeneration
 i - 2 potions of lignification
 m - 2 potions of haste
 n - 3 potions of heal wounds
 o - 2 potions of berserk rage {unknown}
 p - 3 potions of resistance
 q - a potion of ambrosia {unknown}
 r - 3 potions of attraction
 s - 2 potions of curing
 t - 2 potions of magic
 z - a potion of mutation {unknown}
 B - a potion of invisibility {unknown}
 E - a potion of enlightenment {unknown}


   Skills:
 + Level 10.7 Fighting
 + Level 5.9 Throwing
 + Level 3.9 Dodging
 + Level 6.6 Shields
 * Level 9.8 Unarmed Combat
 + Level 2.6 Invocations
 + Level 2.2 Evocations


You had 10 spell levels left.
You didn't know any spells.
Your spell library contained the following spells:

 Spells                   Type           Power      Damage    Failure   Level
 Magic Dart               Conj           0%         1d3       47%         1
 Blink                    Tloc           0%         N/A       63%         2
 Call Imp                 Summ           0%         N/A       63%         2
 Hailstorm                Conj/Ice       0%         3d5       85%         3
 Summon Ice Beast         Ice/Summ       0%         N/A       85%         3
 Volatile Blastmotes      Fire/Tloc      0%         2d10      85%         3
 Fulminant Prism          Conj/Alch      0%         3d5       99%         4
 Iskenderun's Mystic Bla  Conj/Tloc      0%         2d3       99%         4
 Manifold Assault         Tloc           0%         N/A       99%         4
 Dispersal                Tloc           0%         N/A       100%        6
 Sculpt Simulacrum        Ice/Alch       0%         N/A       100%        6
 Disjunction              Tloc           0%         N/A       100%        8


Dungeon Overview and Level Annotations

Branches:
Dungeon (10/15)            Temple (1/1) D:7            Lair (0/5) D:9
 Bailey (1/1)
    Orc: D:9-12

Altars:
Ashenzari
Cheibriados
Dithmenos
Elyvilon
Fedhas
Gozag
Hepliaklqana
Kikubaaqudgha
Makhleb
Nemelex Xobeh
Okawaru
Qazlal
Ru
Sif Muna
Trog
Uskayaw
Vehumet
Wu Jian
Xom
Yredelemnul
The Shining One

Shops:
D:4 [   D:5 [

Annotations:
D:4 3 runed translucent doors, jlumianski's ghost, novice GnSh


Innate Abilities, Weirdness & Mutations

You are too large for most types of armour.
You have a pair of small horns on your head.
You have tough skin. (AC +1)
You gain doubled healing and magic from potions.
Whenever you drink a healing potion, you attack all around you.


Message History

You kill the orc!
Cheibriados appreciates the change of pace.
An orc knight comes into view. It is wielding a +0 glaive.
The orc warrior hits you from afar with a +0 spear.
The orc knight shouts!
You hear a shout!
The orc warrior hits you with a +0 spear.
The orc warrior hits you with a +0 spear!
You see here a fizzy green potion.
You punch the orc warrior! You headbutt the orc warrior!
The orc warrior is almost dead.
You block the orc warrior's attack.
You barely miss the orc warrior.
The orc warrior is almost dead.
You barely miss the orc warrior.
The orc warrior is almost dead.
The orc warrior closely misses you.
You feel very mighty all of a sudden.
An orc knight comes into view. It is wielding a +0 halberd.
The orc knight roars a battlecry!
The orcs go into a battle-frenzy!
The orc warrior hits you with a +0 spear.
Unknown command.
Unknown command.
Unknown command.
Unknown command.
The orc knight hits you with a +0 glaive!
An orc comes into view. It is wielding a +0 trident.
The orc warrior hits you with a +0 spear!!
* * * LOW HITPOINT WARNING * * *
You block the orc warrior's attack. You block the orc knight's attack.
Unknown command.
Unknown command.
The flow of time bends around you.
Cheibriados rebukes the orc warrior.
The orc warrior seems to slow down.
Cheibriados rebukes the orc knight.
The orc knight seems to slow down.
You barely miss the orc knight. You headbutt the orc knight!
The orc knight is lightly wounded.
You block the orc knight's attack. The orc warrior barely misses you.
You hit the orc knight.
The orc knight is moderately wounded.
The orc knight hits you from afar with a +0 halberd!!!
* * * LOW HITPOINT WARNING * * *
The orc knight hits you with a +0 glaive!!
* * * LOW HITPOINT WARNING * * *
You block the orc warrior's attack.
The orc knight hits you with a +0 halberd!!
You die...
Cheibriados appreciates the motionlessness of death.

#.......#
##.....##
##'''##
#.....#
#.!!!.#
#)!!!.#
#.!!!.#
#.o...#
##o@'##
#..o..#
#....o..#
#..#.#..#
#.......#
#.......#
#.......#
##.....##


You could see 2 orc knights, an orc warrior (strong, slow) and an orc.

Vanquished Creatures
  A two-headed ogre (D:8)
  2 elephants (D:9)
  Joseph (D:7)
  An unseen horror (D:8)
  A komodo dragon (D:9)
  A troll (D:9)
  A wyvern (D:7)
  3 yaks (D:8)
  A fire bat (D:8)
  An acid dragon (D:8)
  2 water moccasins
  3 orc warriors (Bailey)
  2 ice beasts
  An ogre (D:3)
  2 phantoms
  3 centaurs
  4 kobold brigands
  9 bullfrogs
  A gnoll sergeant (D:5)
  2 scorpions
  6 wights (D:9)
  4 killer bees (D:9)
  A howler monkey (D:6)
  A quasit (D:7)
  2 jellies
  2 bombardier beetles
  5 hounds
  2 orc priests
  4 iguanas
  Natasha (thrice) (D:3)
  3 orc wizards
  6 adders
  3 gnolls (D:5)
  2 white imps
  2 ufetubi (D:6)
  3 ribbon worms (D:3)
  A dart slug (D:1)
  41 orcs
  8 ball pythons
  7 endoplasms
  5 giant cockroaches
  11 goblins
  9 hobgoblins
  22 kobolds
  A quokka (D:2)
  6 bats
  7 frilled lizards
  2 goblin skeletons (D:7)
  2 goblin zombies (D:7)
  A hobgoblin zombie (D:7)
  2 kobold skeletons (D:7)
  A kobold zombie (D:7)
  An orc skeleton (D:7)
  An orc zombie (D:7)
  6 rats
  A spectral goblin (D:8)
226 creatures vanquished.

Notes
Turn   | Place    | Note
-------+----------+-------------------------------------------
     0 | D:1      | Sobieck the Oni Fighter began the quest for the Orb.
     0 | D:1      | Reached XP level 1. HP: 24/24 MP: 1/1
   182 | D:1      | Reached XP level 2. HP: 32/32 MP: 2/2
   744 | D:2      | Reached XP level 3. HP: 40/40 MP: 3/3
   763 | D:2      | Reached skill level 3 in Unarmed Combat
  1062 | D:2      | Reached skill level 5 in Fighting
  1486 | D:3      | Reached XP level 4. HP: 37/50 MP: 4/4
  1608 | D:3      | Reached skill level 1 in Throwing
  1608 | D:3      | Reached skill level 3 in Shields
  1608 | D:3      | Reached XP level 5. HP: 39/57 MP: 5/5
  2117 | D:3      | Noticed Natasha
  2126 | D:3      | Killed Natasha
  2234 | D:3      | Noticed Natasha
  2239 | D:3      | Killed Natasha
  2284 | D:3      | Noticed Natasha
  2291 | D:3      | Killed Natasha
  2292 | D:3      | Reached XP level 6. HP: 56/67 MP: 6/6
  2531 | D:4      | Reached skill level 6 in Fighting
  2773 | D:4      | Reached XP level 7. HP: 75/75 MP: 7/7
  2805 | D:4      | Found Yhumucul's Armour Shop.
  2811 | D:4      | Found a runed translucent gate.
  2812 | D:4      | Found a runed translucent gate.
  2812 | D:4      | Found a runed translucent gate.
  2814 | D:4      | Noticed jlumianski's ghost (novice GnSh)
  3260 | D:5      | Entered Level 5 of the Dungeon
  3451 | D:5      | Found Xewki's Armour Shop.
  3458 | D:5      | Bought a +1 kite shield of protection for 198 gold pieces
  3485 | D:5      | Reached skill level 3 in Throwing
  3592 | D:5      | Found a blossoming altar of Fedhas.
  3763 | D:5      | Reached XP level 8. HP: 80/84 MP: 8/8
  3824 | D:5      | Reached skill level 7 in Fighting
  4326 | D:6      | Reached skill level 6 in Unarmed Combat
  4868 | D:6      | Found a sacrificial altar of Ru.
  5675 | D:7      | Found a staircase to the Ecumenical Temple.
  5682 | Temple   | Entered the Ecumenical Temple
  5736 | D:7      | Noticed Joseph
  5758 | D:7      | Killed Joseph
  5759 | D:7      | Reached skill level 8 in Fighting
  5759 | D:7      | Reached XP level 9. HP: 66/96 MP: 9/9
  5942 | D:7      | Found a glowing golden altar of the Shining One.
  6699 | D:8      | Killed an unseen horror
  7185 | D:8      | Reached skill level 9 in Fighting
  7705 | D:8      | Reached skill level 6 in Shields
  7717 | D:8      | Reached XP level 10. HP: 77/109 MP: 10/10
  7817 | D:8      | Found a hazy altar of Hepliaklqana.
  7896 | D:8      | Noticed a two-headed ogre
  7905 | D:8      | Killed a two-headed ogre
  7906 | D:8      | Reached skill level 10 in Fighting
  7906 | D:8      | Reached skill level 9 in Unarmed Combat
  8348 | D:8      | Found a snail-covered altar of Cheibriados.
  8443 | D:8      | Became a worshipper of Cheibriados the Contemplative
  8531 | D:8      | Noticed Maurice
  8532 | D:8      | Maurice changed into Maurice the fire bat
  8532 | D:8      | Noticed Maurice
  8539 | D:8      | Killed Maurice the fire bat
  8540 | D:8      | Reached skill level 3 in Dodging
  8788 | D:9      | Reached skill level 1 in Evocations
  9277 | D:9      | Found a shadowy altar of Dithmenos.
  9315 | D:9      | Found a shimmering blue altar of Sif Muna.
  9350 | D:9      | Reached skill level 1 in Invocations
  9463 | D:9      | Noticed an elephant
  9475 | D:9      | Killed an elephant
  9487 | D:9      | Noticed an elephant
  9514 | D:9      | Killed an elephant
  9580 | D:9      | Reached * piety under Cheibriados
  9721 | D:9      | Found a staircase to the Lair.
 10134 | D:10     | Entered Level 10 of the Dungeon
 10153 | D:10     | Found a flagged portal.
 10183 | Bailey   | Entered a bailey
 10207 | Bailey   | Reached XP level 11. HP: 72/119 MP: 12/12
 10423 | Bailey   | Reached ** piety under Cheibriados
 10554 | Bailey   | Noticed an orc knight
 10559 | Bailey   | Noticed an orc knight
 10564 | Bailey   | Mangled by an orc knight

Illustrated notes

Levels and vault maps discovered:
D:1:      heliophobic_arrival_battle_scene, layout_rooms
D:2:      layout_loops_ring
D:3:      layout_basic, uniq_natasha
D:4:      layout_cave_pools, ebering_ghost_rock_garden, nicolae_take_the_stairs
D:5:      layout_rooms, overflow_temple_1_default, serial_glass,
          glass_columns_b, glass_columns_a, serial_shops, shop,
          guppyfry_early_lair_pool
D:6:      layout_loops_ring, nicolae_ru_path_of_blood, minivault_4
D:7:      layout_layer_cave, nicolae_tso_besieged_by_evil, temple_green,
          kennysheep_generic_room_16, uniq_joseph
D:8:      layout_basic, nicolae_hepliaklqana_monster_ancestors,
          mainiacjoe_overflow_catwalk, uniq_maurice
D:9:      layout_basic, mainiacjoe_overflow_catch_the_wave,
          grunt_lair_entry_orc_guard_hut
D:10:     layout_irregular_city, amcnicky_altar_gilded, enter_bailey_5,
          minivault_26, uniq_fannar
Temple:   nicolae_temple_two_arcs
Bailey:   bailey_polearm_5, bailey

Skill      XL: |  1  2  3  4  5  6  7  8  9 10 |
---------------+-------------------------------+-----
Unarmed Combat | 2 3 4 5 7 8 9 |  9.8
Fighting       | 5 6 8 9 10 | 10.7
Throwing       | 1 2 3 4 5 |  5.9
Shields        | 3 4 5 6 |  6.6
Dodging        | 3 |  3.9
Evocations     | 2 |  2.2
Invocations    | 2 |  2.6

Action                     |  1- 3 |  4- 6 |  7- 9 | 10-12 || total
---------------------------+-------+-------+-------+-------++-------
  Melee: Unarmed           |   118 |   103 |   381 |   179 ||   781
         Headbutt          |    19 |    18 |    78 |    36 ||   151
  Throw: Stone             |       |     1 |       |    48 ||    49
 Invoke: Bend Time         |       |       |       |     1 ||     1
  Evoke: Wand              |       |       |       |     2 ||     2
    Use: Potion            |       |     2 |     3 |     2 ||     7
         Scroll            |       |       |    14 |     4 ||    18
   Stab: Sleeping          |       |     1 |       |       ||     1
 Armour: Robe              |    75 |    58 |   283 |   140 ||   556
  Dodge: Dodged            |    31 |    28 |   103 |    73 ||   235
  Block: Kite shield       |    38 |    40 |   184 |    96 ||   358

Table legend: (Time is in decaauts)
 A = Elapsed time spent in this place.
 B = Non-inter-level travel time spent in this place.
 C = Inter-level travel time spent in this place.
 D = Time resting spent in this place.
 E = Time spent auto-exploring this place.
 F = Levels seen in this place.
 G = Mean time per level.
                   A        B        C        D        E       F      G
               +--------+--------+--------+--------+--------+-----+--------+
         Total |  10916 |  10545 |    371 |   2385 |   6229 |  12 |  909.7 |
       Dungeon |  10506 |  10135 |    371 |   2178 |   6229 |  10 | 1050.6 |
        Temple |      1 |      1 |      0 |      0 |      0 |   1 |    1.0 |
        Bailey |    407 |    407 |      0 |    207 |      0 |   1 |  407.0 |
               +--------+--------+--------+--------+--------+-----+--------+

Top non-repeatable levels by time:
     D:8: 1959 daAuts
     D:9: 1608 daAuts
     D:6: 1355 daAuts
     D:7: 1161 daAuts
     D:3: 1130 daAuts
     D:5: 926 daAuts
     D:4: 904 daAuts
     D:1: 737 daAuts
     D:2: 658 daAuts
  Bailey: 407 daAuts
    D:10: 64 daAuts
  Temple: 1 daAuts
